 Dungeon Crawl Stone Soup version 0.28.0-43-g3370ac3207 (webtiles) character file.

Game seed: 3606051225636378912

1416 cbfl8 the Cleaver (level 8, -1/70 HPs)
             Began as a Minotaur Delver on Feb 28, 2022.
             Succumbed to a water moccasin's poison
             ... on level 6 of the Dungeon.
             The game lasted 00:09:33 (6561 turns).

cbfl8 the Cleaver (Minotaur Delver)                 Turns: 6561, Time: 00:09:33

Health: -1/70      AC: 13    Str: 18    XL:     8   Next: 43%
Magic:  16/16      EV:  8    Int:  7    God:
Gold:   279        SH:  3    Dex: 13    Spells: 7/7 levels left

rFire   . . .      SeeInvis .   a - +0 hand axe
rCold   . . .      Faith    .   F - +0 buckler
rNeg    . . .      Spirit   .   k - +0 chain mail
rPois   .          Reflect  .   y - +0 hat
rElec   .          Harm     .   e - +0 cloak
rCorr   .          Rampage  .   (no gloves)
Will    .....                   t - +0 pair of boots
Stlth   ..........              (no amulet)
HPRegen 0.21/turn               q - ring of magical power
MPRegen 0.15/turn               (no ring)

@: lethally poisoned (-1 -> -12)
A: horns 2, retaliatory headbutt
a: no special abilities


You were on level 6 of the Dungeon.
You visited 1 branch of the dungeon, and saw 6 of its levels.

You collected 279 gold pieces.

Inventory:

Hand Weapons
 a - a +0 hand axe (weapon)
Missiles
 p - 2 throwing nets (quivered)
Armour
 b - a +0 leather armour
 e - a +0 cloak (worn)
 i - a +0 ring mail
 k - a +0 chain mail (worn)
 t - a +0 pair of boots (worn)
 y - a +0 hat (worn)
 F - a +0 buckler (worn)
Jewellery
 q - a ring of magical power (left hand)
Wands
 g - a wand of digging (10)
 w - a wand of flame (33)
 D - a wand of paralysis (9)
Scrolls
 c - a scroll of fog
 h - 6 scrolls of teleportation {unknown}
 j - a scroll of noise {unknown}
 o - 7 scrolls of identify {unknown}
 r - a scroll of amnesia {unknown}
 x - a scroll of enchant armour {unknown}
 E - a scroll of summoning {unknown}
Potions
 d - a potion of heal wounds {unknown}
 f - 3 potions of haste
 l - a potion of resistance {unknown}
 m - a potion of brilliance {unknown}
 n - a potion of berserk rage {unknown}
 s - a potion of magic {unknown}
 u - a potion of mutation {unknown}
 v - 2 potions of ambrosia {unknown}
 z - 2 potions of attraction {unknown}
 A - a potion of curing {unknown}
 C - a potion of flight {unknown}


   Skills:
 + Level 5.8 Fighting
 + Level 8.3 Axes
 + Level 7.0 Armour
 + Level 3.9 Dodging
 + Level 4.5 Stealth


You had 7 spell levels left.
You didn't know any spells.
Your spell library contained the following spells:

 Spells                   Type           Power      Damage    Failure   Level
 Magic Dart               Conj           0%         1d3       100%        1
 Blink                    Tloc           0%         N/A       100%        2
 Call Imp                 Summ           0%         N/A       100%        2
 Lesser Beckoning         Tloc           0%         N/A       100%        3
 Mephitic Cloud           Conj/Pois/Air  0%         N/A       100%        3
 Manifold Assault         Tloc           0%         N/A       100%        5


Dungeon Overview and Level Annotations

Branches:
Dungeon (6/15)
 Temple: D:4-7

Altars:
Dithmenos
Makhleb
Sif Muna
The Shining One

Shops:
D:5 :


Innate Abilities, Weirdness & Mutations

You have a pair of horns on your head.
You reflexively headbutt those who attack you in melee.


Message History

The centaur kicks you but does no damage.
The water moccasin bites you but does no damage.
You block the scorpion's attack. Something hits you but does no damage.
The centaur hits you but does no damage.
The centaur kicks you.
You hit the centaur but do no damage.
The centaur is heavily wounded.
You closely miss something. You hit the scorpion but do no damage.
You miss the water moccasin.
You feel very sick. The water moccasin bites you.
* * * LOW HITPOINT WARNING * * *
You are lethally poisoned!
The water moccasin poisons you!
A kobold comes into view. It is wielding a +0 dagger.
The centaur barely misses you.
The centaur kicks you but does no damage.
The scorpion completely misses you.
The water moccasin bites you but does no damage.
Something hits you but does no damage.
As you read the scroll of fear, it crumbles to dust.
You assume a fearsome visage.
The centaur looks frightened!
The kobold brigand looks frightened!
The kobold looks frightened! x2
The kobold shouts!
The water moccasin looks frightened!
The scorpion looks frightened!
* * * LOW HITPOINT WARNING * * *
You feel very sick.
A sky beast appears from thin air!
Reactivating autopickup.
* * * LOW HITPOINT WARNING * * *
You feel very sick.
The sky beast flickers out of sight!
Deactivating autopickup; reactivate with Ctrl-A.
* * * LOW HITPOINT WARNING * * *
You feel very sick.
There is a stone staircase leading up here.
* * * LOW HITPOINT WARNING * * *
You feel very sick. The centaur yells at you, "GO AWAY!"
You die...

* *,,,,,,,,,,,,,* *,,,,,,*
**##,*,,,,,,,,,,,***.#*****
*...,*,,,,,,,,,,,,**K#
##.#*****,********,,..* ...#
*,,,******,,,,.**
.#*###*.#**,,,,,,**.#*
###..,..#**,*######K#####
....##..,,,,##........S.#*****
...#...****##...@.....><.+∩+,*
...#.#** #.............***,*
.....#######.............,**,*
....###...c............:.,,,,*
........####.............,****
...###### #.............,*
...# ##s...........** ...#
##..........#* ...#
###########*


You could see a water moccasin (fleeing), a kobold brigand (fleeing), a centaur
(fleeing) and a scorpion (fleeing).

Vanquished Creatures
  Grinder (D:4)
  2 black bears
  2 sky beasts
  An ogre (D:5)
  A phantom (D:5)
  A water moccasin skeleton (D:5)
  2 howler monkeys (D:6)
  A centaur zombie (D:5)
  2 bullfrog zombies (D:5)
  2 hounds
  A centaur skeleton (D:5)
  Jessica (D:3)
  5 iguanas
  An orc wizard (D:4)
  Ijyb (D:5)
  A hound skeleton (D:4)
  A howler monkey skeleton (D:6)
  3 gnolls (D:2)
  4 adders
  A shadow imp (D:5)
  An adder skeleton (D:4)
  A worm (D:2)
  2 dart slugs
  6 orcs (D:4)
  8 endoplasms
  9 giant cockroaches
  7 goblins
  8 hobgoblins
  10 quokkas
  7 ball pythons
  7 bats
  2 frilled lizards
  6 kobolds
  7 rats
115 creatures vanquished.

Notes
Turn   | Place    | Note
-------+----------+-------------------------------------------
     0 | D:5      | cbfl8 the Minotaur Delver began the quest for the Orb.
     0 | D:5      | Reached XP level 1. HP: 19/19 MP: 0/0
    29 | D:4      | Noticed Grinder
    35 | D:4      | Paralysed by Grinder for 3 turns
   480 | D:1      | Reached XP level 2. HP: 21/27 MP: 1/1
   826 | D:1      | Reached XP level 3. HP: 33/33 MP: 2/2
   904 | D:1      | Reached skill level 3 in Axes
  1003 | D:2      | Reached skill level 1 in Armour
  1006 | D:2      | Found a glowing golden altar of the Shining One.
  1023 | D:2      | Reached XP level 4. HP: 10/40 MP: 3/3
  2275 | D:3      | Noticed Jessica
  2285 | D:3      | Killed Jessica
  2286 | D:3      | Reached skill level 4 in Axes
  2357 | D:3      | Found a shimmering blue altar of Sif Muna.
  2402 | D:3      | Reached XP level 5. HP: 42/46 MP: 4/4
  3266 | D:4      | Killed Grinder
  3267 | D:4      | Reached skill level 5 in Axes
  3267 | D:4      | Reached XP level 6. HP: 16/53 MP: 5/5
  4038 | D:5      | Noticed a sky beast
  4045 | D:5      | Noticed Ijyb
  4048 | D:5      | Killed a sky beast
  4049 | D:5      | Reached skill level 6 in Axes
  4049 | D:5      | Reached skill level 5 in Armour
  4049 | D:5      | Reached XP level 7. HP: 60/60 MP: 6/6
  4056 | D:5      | Killed Ijyb
  4094 | D:5      | Found Jiegguko's Book Shoppe.
  4141 | D:5      | Reached skill level 5 in Fighting
  4206 | D:5      | Found a burning altar of Makhleb.
  4350 | D:5      | Reached skill level 7 in Axes
  5252 | D:5      | Reached XP level 8. HP: 60/69 MP: 7/7
  6351 | D:6      | Reached skill level 8 in Axes
  6484 | D:6      | Found a shadowy altar of Dithmenos.
  6560 | D:6      | HP: 2/70 [poisoned by a water moccasin]
  6561 | D:6      | Succumbed to a water moccasin's poison

Illustrated notes

Levels and vault maps discovered:
D:1:      scummos_arrival_forest, layout_rooms
D:2:      layout_basic, basic_altar
D:3:      layout_rooms, lemuel_crystal_altar, uniq_jessica
D:4:      black_bear_nest_1, layout_gridville, uniq_grinder
D:5:      minmay_spotlight, layout_loops_ring, mainiacjoe_overflow_catwalk,
          gup_sewer_entry_pipe, minmay_misc_feat_iff,
          nicolae_inconvenience_store, uniq_ijyb
D:6:      layout_rooms, gammafunk_ghost_icy, serial_shops, kennysheep_mini,
          enter_ossuary_5, kennysheep_small_circle

Skill      XL: |  1  2  3  4  5  6  7  8 |
---------------+-------------------------+-----
Axes           | 3 4 5 6 7 8 |  8.3
Armour         | 1 2 4 5 6 7 |  7.0
Fighting       | 4 5 |  5.8
Dodging        | 3 |  3.9
Stealth        | |  4.5

Action                   |  1- 3 |  4- 6 |  7- 9 || total
-------------------------+-------+-------+-------++-------
Melee: Hand axe          |    58 |   127 |   143 ||   328
       Headbutt          |    16 |    21 |    29 ||    66
       Punch             |       |       |     4 ||     4
  Use: Scroll            |     2 |       |     2 ||     4
Armor: Leather armour    |     2 |       |       ||     2
       Ring mail         |    12 |       |       ||    12
       Chain mail        |    19 |   121 |   126 ||   266
Dodge: Dodged            |    52 |    62 |    60 ||   174
Block: Buckler           |       |       |     8 ||     8
